 Dungeon Crawl Stone Soup version 0.14.0-7-g2801ba0 (webtiles) character file.

535 RogerD the Chopper (level 6, -7/52 HPs)
             Began as a Hill Orc Gladiator on Apr 12, 2014.
             Mangled by a goliath beetle (23 damage)
             ... on Level 4 of the Dungeon.
             The game lasted 00:27:48 (2751 turns).

RogerD the Chopper (Hill Orc Gladiator)             Turns: 2751, Time: 00:27:48

HP  -7/52        AC  7     Str 19      XL: 6   Next: 68%
MP   6/6         EV 10     Int  8      God:
Gold 169         SH  0     Dex 12      Spells:  0 memorised,  5 levels left

rFire  . . .     SeeInvis .     a - +0 war axe
rCold  . . .     Clarity  .     t - +0 ring mail
rNeg   . . .     Conserve .     (no shield)
rPois  .         rCorr    .     c - +0 helmet
rElec  .         rRot     .     (no cloak)
SustAb . .       Spirit   .     (no gloves)
rMut   .         Warding  .     h - +0 pair of boots
Saprov + . .     Stasis   .     (no amulet)
MR     .....                    (no ring)
                                (no ring)

@: not resistant to hostile enchantments, extremely unstealthy
A: saprovore 1
a: no special abilities


You were on level 4 of the Dungeon.
You were not hungry.

You visited 1 branch of the dungeon, and saw 4 of its levels.

You collected 169 gold pieces.

Inventory:

Hand weapons
 a - a +0,+0 war axe (weapon)
Missiles
 d - 2 throwing nets (quivered)
Armour
 b - a +0 leather armour
 c - a +0 helmet (worn)
 h - a +0 pair of boots (worn)
 r - a +0 leather armour
 t - a +0 ring mail (worn)
Magical devices
 j - a wand of frost (9) {unknown}
Comestibles
 f - an apple
 m - 5 bread rations
 v - a rotting chunk of giant gecko flesh
 w - a meat ration
Scrolls
 e - a scroll of noise
 k - 3 scrolls of teleportation {unknown}
 n - 2 scrolls of magic mapping {unknown}
 o - 2 scrolls of amnesia {unknown}
 p - 3 scrolls of identify {unknown}
 q - a scroll of enchant weapon I {unknown}
 s - 2 scrolls of remove curse {unknown}
Potions
 g - 2 potions of heal wounds {unknown}
 i - 3 potions of brilliance {unknown}
 l - a potion of lignification {unknown}
 u - a potion of flight {unknown}
 x - a potion of berserk rage {unknown}


   Skills:
 + Level 4.0 Fighting
 + Level 6.1 Axes
 + Level 2.0 Throwing
 + Level 2.8 Armour
 + Level 4.0 Dodging
 + Level 0.1 Stealth


You had 5 spell levels left.
You didn't know any spells.

Dungeon Overview and Level Annotations

Branches:
Dungeon (4/15)
 Temple: D:4-7

Altars:
Sif Muna
Zin
The Shining One


Innate Abilities, Weirdness & Mutations

You can tolerate rotten meat.


Message History

The goliath beetle completely misses you.
You hit the goliath beetle but do no damage.
The goliath beetle is moderately wounded.
You barely miss the goliath beetle.
The goliath beetle is moderately wounded.
The goliath beetle bites you but does no damage.
You hit the goliath beetle but do no damage.
The goliath beetle is moderately wounded.
You slash the goliath beetle!
The goliath beetle is heavily wounded.
The goliath beetle barely misses you.
You hit the goliath beetle.
The goliath beetle is heavily wounded.
The goliath beetle bites you.
You hit the goliath beetle.
The goliath beetle is heavily wounded.
You hit the goliath beetle but do no damage.
The goliath beetle is heavily wounded.
The goliath beetle bites you!
You die...

#.... ##+##
############
#..........#
#..........#
#...<......#
#...@...?..+
#...B......#
#..)%......#
####'#######
#.# #.# #.#
#.# #.#


You could see a goliath beetle.

Vanquished Creatures
  A phantom (D:4)
  The ghost of Billson the Vexing, a weakling VSEn of Sif Muna (D:3)
  An orc priest (D:3)
  A hound (D:4)
  2 orc wizards (D:3)
  3 adders (D:2)
  A giant mite (D:3)
  2 worms
  An adder zombie (D:2)
  2 giant geckos (D:4)
  An ooze (D:1)
  7 orcs
  A ball python (D:4)
  A bat skeleton (D:2)
  3 giant cockroaches
  8 goblins
  7 hobgoblins
  5 kobolds
  2 quokkas
  14 bats
  5 giant newts
  A giant newt zombie (D:2)
  A goblin skeleton (D:4)
  A goblin zombie (D:2)
  2 hobgoblin skeletons (D:2)
  A hobgoblin zombie (D:2)
  A kobold skeleton (D:2)
  3 orc skeletons
  6 rats
  A plant (D:2)
86 creatures vanquished.

Notes
Turn   | Place    | Note
--------------------------------------------------------------
     0 | D:1      | RogerD, the Hill Orc Gladiator, began the quest for the Orb.
     0 | D:1      | Reached XP level 1. HP: 18/18 MP: 1/1
   200 | D:1      | Reached XP level 2. HP: 12/25 MP: 2/2
   363 | D:1      | You fall through a shaft!
   381 | D:2      | Reached XP level 3. HP: 6/30 MP: 3/3
   398 | D:2      | HP: 1/30 [poisoned by an adder]
   672 | D:2      | Found a deep blue altar of Sif Muna.
   848 | D:2      | Reached skill level 1 in Armour
   958 | D:2      | Reached XP level 4. HP: 25/37 MP: 4/4
  1031 | D:2      | Reached skill level 5 in Axes
  1687 | D:3      | Found a glowing silver altar of Zin.
  1702 | D:3      | Found a glowing golden altar of the Shining One.
  2018 | D:3      | Noticed Billson's ghost (weakling VSEn)
  2025 | D:3      | Killed Billson's ghost
  2025 | D:3      | Reached XP level 5. HP: 43/45 MP: 5/5
  2282 | D:4      | Reached XP level 6. HP: 46/51 MP: 6/6
  2296 | D:4      | Noticed a phantom
  2350 | D:4      | Killed a phantom
  2350 | D:4      | Reached skill level 6 in Axes
  2751 | D:4      | Mangled by a goliath beetle

Action                   |  1- 3 |  4- 6 || total
-------------------------+-------+-------++-------
Melee: War axe           |    82 |   214 ||   296
Throw: Throwing net      |     7 |     5 ||    12
  Use: Scroll            |     1 |       ||     1
